 Dungeon Crawl Stone Soup version 0.32-a0-975-g85d4e5bfdb (webtiles) character file.

Game seed: 9841413572829025582

826 Shayle the Apothecary (level 7, 0/53 HPs)
             Began as a Coglin Alchemist on Apr 18, 2024.
             Was a Follower of Vehumet.
             Slain by a vampire mosquito (5 damage)
             ... on level 6 of the Dungeon.
             The game lasted 00:18:43 (5228 turns).

Shayle the Apothecary (Coglin Alchemist)            Turns: 5228, Time: 00:18:44

Health: 0/53       AC:  3    Str:  8    XL:     7   Next: 96%
Magic:  11/11      EV: 12    Int: 16    God:    Vehumet [*.....]
Gold:   224        SH:  0    Dex: 15    Spells: 7/11 levels left

rFire   . . .        d - +0 spear {Jaspreet}
rCold   . . .        q - +2 whip (venom) {Qiang}
rNeg    . . .        a - +0 robe
rPois   .            (no helmet)
rElec   .            i - +0 cloak
rCorr   .            (no gloves)
SInv    .            (no boots)
Will    +....        (amulet unavailable)
Stlth   ++           (ring unavailable)
HPRegen 0.28/turn    (ring unavailable)
MPRegen 0.12/turn    (no gizmo)

%: no passive effects
@: enlightened, flying, revving
A: off-hand wielding, slow wielding, warmup strikes, no jewellery
a: Invent Gizmo, Renounce Religion


You were on level 6 of the Dungeon.
You worshipped Vehumet.
Vehumet was aware of your devotion.
You visited 1 branch of the dungeon, and saw 6 of its levels.

You collected 224 gold pieces.

Inventory:

Hand Weapons
 c - a +0 sling
 d - a +0 spear (weapon) {Jaspreet}
 f - a +0 short sword of flaming {Jia}
 q - a +2 whip of venom (offhand) {Qiang}
 s - a +0 sling
Missiles
 g - 2 throwing nets
Armour
 a - a +0 robe (worn)
 i - a +0 cloak (worn)
Wands
 m - a wand of flame (29)
Scrolls
 e - 2 scrolls of identify
 l - a scroll of poison
Potions
 b - a potion of magic
 h - 2 potions of enlightenment
 n - a potion of might {unknown}
 o - a potion of berserk rage {unknown}
 p - a potion of brilliance
 r - a potion of degeneration {unknown}


   Skills:
 + Level 3.9 Fighting
 + Level 4.3 Dodging
 - Level 1.5 Stealth
 + Level 2.7 Spellcasting
 - Level 3.1 Conjurations
 + Level 1.8 Fire Magic
 - Level 5.0 Alchemy


You had 7 spell levels left.
You knew the following spells:

 Your Spells              Type           Power      Damage    Failure   Level
a - Sting                 Conj/Alch      60%        1d6       3%          1
b - Mephitic Cloud        Conj/Alch/Air  11%        N/A       19%         3

Your spell library contained the following spells:

 Spells                   Type           Power      Damage    Failure   Level
 Shock                    Conj/Air       28%        1d4       10%         1
 Mercury Vapours          Alch/Air       20%        N/A       11%         2
 Olgreb's Toxic Radiance  Alch           18%        N/A       24%         4
 Inner Flame              Hex/Fire       5%         N/A       36%         3
 Sticky Flame             Fire/Alch      13%        2d5       43%         4
 Flame Wave               Conj/Fire      10%        2d6       56%         4


Dungeon Overview and Level Annotations

Branches:
Dungeon (6/15)
 Temple: D:4-7

Altars:
Ashenzari
Elyvilon
Okawaru
Qazlal
Vehumet
Wu Jian
Yredelemnul
The Shining One


Innate Abilities, Weirdness & Mutations

You can wield a second weapon in your off-hand.
It takes a long time for you to wield or remove held weapons.
Your first few attacks do less damage.
You cannot equip rings or amulets.


Message History

The puff of flame hits the vampire mosquito.
The vampire mosquito is severely damaged.
The vampire mosquito bites you!
* * * LOW HITPOINT WARNING * * *
The vampire mosquito draws strength from your injuries!
The vampire mosquito bites you!
* * * LOW HITPOINT WARNING * * *
The vampire mosquito draws strength from your injuries!
You feel better. The vampire mosquito barely misses you.
Okay, then.
Okay, then.
Aiming: Throw Flame
Press: ? - help, Shift-Dir - straight line, f/p - vampire mosquito
Aim: a vampire mosquito (heavily damaged, 48% to hit)
The puff of flame hits the vampire mosquito!
The vampire mosquito is severely damaged.
You hear an angry hiss.
The vampire mosquito bites you.
* * * LOW HITPOINT WARNING * * *
The vampire mosquito draws strength from your injuries!
The vampire mosquito closely misses you.
An adder comes into view.
You hit the vampire mosquito with your +0 spear.
The vampire mosquito is severely damaged.
You miss the vampire mosquito with your +2 whip of venom.
The vampire mosquito barely misses you. The vampire mosquito bites you.
* * * LOW HITPOINT WARNING * * *
The vampire mosquito draws strength from your injuries!
You closely miss the vampire mosquito with your +2 whip of venom.
The vampire mosquito is severely damaged.
You hit the vampire mosquito but do no damage.
The vampire mosquito bites you but does no damage.
The vampire mosquito bites you.
* * * LOW HITPOINT WARNING * * *
The vampire mosquito draws strength from your injuries!
The vampire mosquito barely misses you.
It was a potion of enlightenment.
You feel very buoyant.
You fly up into the air.
The vampire mosquito bites you.
You die...

#.# #.#...# #.#
#.#.#.# #.#
#.#S..# #.# #.#.#
#.# #...# #.#
#.#S# #.# #...#
###.########.###.#
#.........@yS....#
###..#############
#.........#
##.######.# #.#
###.### #.#
#.....# #.#
#####.# #.# #.#
#.########.#


You could see a vampire mosquito and an adder.

Vanquished Creatures
  A black bear (D:4)
  An ogre (D:5)
  A centaur (D:5)
  2 scorpions (D:4)
  2 bombardier beetles
  3 orc priests
  2 iguanas (D:4)
  5 gnolls
  8 adders
  A shadow imp (D:5)
  A white imp (D:4)
  A ribbon worm (D:3)
  2 dart slugs (D:1)
  7 orcs (D:5)
  8 ball pythons
  6 endoplasms
  6 giant cockroaches
  5 goblins
  9 hobgoblins
  13 jackals
  4 quokkas
  6 bats
  4 frilled lizards
  6 kobolds
  8 rats
112 creatures vanquished.

Notes
Turn   | Place    | Note
-------+----------+-------------------------------------------
     0 | D:1      | Shayle the Coglin Alchemist began the quest for the Orb.
     0 | D:1      | Reached XP level 1. HP: 13/13 MP: 3/3
    34 | D:1      | Reached skill level 1 in Conjurations
    34 | D:1      | Reached XP level 2. HP: 8/20 MP: 0/4
   355 | D:1      | Reached XP level 3. HP: 25/25 MP: 2/5
   445 | D:1      | Reached skill level 1 in Fighting
  1107 | D:2      | Reached XP level 4. HP: 15/32 MP: 3/6
  1633 | D:2      | Reached skill level 4 in Alchemy
  1745 | D:2      | Found a stormy altar of Qazlal.
  1952 | D:2      | Found a faded altar of an unknown god.
  2279 | D:3      | Reached XP level 5. HP: 38/38 MP: 4/7
  2539 | D:3      | Found an ornate altar of the Wu Jian Council.
  2579 | D:3      | Found a radiant altar of Vehumet.
  2596 | D:3      | Became a worshipper of Vehumet
  2601 | D:3      | Learned a level 3 spell: Mephitic Cloud
  3151 | D:4      | Noticed a black bear
  3165 | D:4      | Killed a black bear
  3166 | D:4      | Reached XP level 6. HP: 15/46 MP: 4/8
  3568 | D:4      | Reached * piety under Vehumet
  3568 | D:4      | Offered knowledge of Shock by Vehumet.
  3600 | D:4      | Reached skill level 5 in Alchemy
  3600 | D:4      | Reached XP level 7. HP: 52/52 MP: 5/9
  3829 | D:5      | Entered Level 5 of the Dungeon
  3830 | D:5      | Found an iron altar of Okawaru.
  3990 | D:5      | Reached skill level 1 in Fire Magic
  4207 | D:5      | Found a broken altar of Ashenzari.
  4250 | D:5      | Found a white marble altar of Elyvilon.
  4281 | D:5      | Found a basalt altar of Yredelemnul.
  4493 | D:5      | Found a glowing golden altar of the Shining One.
  5210 | D:6      | Noticed a vampire mosquito
  5228 | D:6      | Slain by a vampire mosquito

Illustrated notes

Levels and vault maps discovered:
D:1:      amcnicky_arrival_abandoned_market, layout_basic
D:2:      layout_loops_corners, basic_altar,
          hellmonk_ecumenical_altar_leap_of_faith
D:3:      layout_basic, vehumet_crystals, amcnicky_altar_gilded,
          serial_bayou_pond_d
D:4:      layout_cave_pools, minmay_misc_feat_columns
D:5:      layout_basic, overflow_temple_1_default, mainiacjoe_overflow_brackets,
          minitemple, mainiacjoe_overflow_six_doors_small
D:6:      layout_basic, nicolae_qazlal_scattered_showers, serial_shops, shop,
          minivault_22, hangedman_minor_gate_pass, uniq_grinder, uniq_edmund

Skill      XL: |  1  2  3  4  5  6  7 |
---------------+----------------------+-----
Conjurations   | 1 2 3 |  3.1
Dodging        | 2 3 4 |  4.3
Fighting       | 1 2 3 |  3.9
Alchemy        | 4 5 |  5.0
Spellcasting   | 2 |  2.7
Fire Magic     | 1 |  1.8
Stealth        | |  1.5

Action                     |  1- 3 |  4- 6 |  7- 9 || total
---------------------------+-------+-------+-------++-------
  Melee: Spear             |    73 |   120 |    71 ||   264
         Short sword       |    53 |    23 |       ||    76
         Whip              |       |    92 |    62 ||   154
   Cast: Sting             |    17 |    27 |    14 ||    58
         Mephitic Cloud    |       |     4 |     7 ||    11
  Evoke: Wand              |       |       |    10 ||    10
    Use: Scroll            |       |     9 |     3 ||    12
         Potion            |       |       |     2 ||     2
   Stab: Sleeping          |       |     4 |       ||     4
         Confused          |       |     4 |     4 ||     8
 Armour: Robe              |    54 |    73 |    65 ||   192
  Dodge: Dodged            |    51 |    71 |    68 ||   190

Table legend: (Time is in decaauts)
 A = Elapsed time spent in this place.
 B = Non-inter-level travel time spent in this place.
 C = Inter-level travel time spent in this place.
 D = Time resting spent in this place.
 E = Time spent auto-exploring this place.
 F = Levels seen in this place.
 G = Mean time per level.
                   A        B        C        D        E       F      G
               +--------+--------+--------+--------+--------+-----+--------+
         Total |   5255 |   5122 |    133 |   1051 |   2893 |   6 |  875.8 |
       Dungeon |   5255 |   5122 |    133 |   1051 |   2893 |   6 |  875.8 |
               +--------+--------+--------+--------+--------+-----+--------+

Top non-repeatable levels by time:
     D:2: 1288 daAuts
     D:1: 963 daAuts
     D:5: 942 daAuts
     D:4: 939 daAuts
     D:3: 854 daAuts
     D:6: 267 daAuts
